 Dungeon Crawl Stone Soup version 0.31-a0-920-g28cbb04a8c (webtiles) character file.

Game seed: 16351906709840014493

32 javelincjr the Poker (level 3, 0/28 HPs)
             Began as a Demonspawn Gladiator on Oct 17, 2023.
             Slain by a gnoll
             ... wielding a +1 spear of freezing
              (2 damage)
             ... on level 2 of the Dungeon.
             The game lasted 00:03:03 (813 turns).

javelincjr the Poker (Demonspawn Gladiator)          Turns: 813, Time: 00:03:03

Health: 0/28       AC:  4    Str: 16    XL:     3   Next: 10%
Magic:  3/3        EV: 12    Int:  9    God:
Gold:   56         SH:  0    Dex: 14    Spells: 2/2 levels left

rFire   . . .        a - +0 trident
rCold   . . .        (no shield)
rNeg    . . .        b - +0 leather armour
rPois   .            (helmet restricted)
rElec   .            (no cloak)
rCorr   .            (no gloves)
SInv    .            (no boots)
Will    .....        (no amulet)
Stlth   +            (no ring)
HPRegen 0.24/turn    (no ring)
MPRegen 0.08/turn

%: no passive effects
@: no status effects
A: antennae 1, sharp scales 1
a: no special abilities


You were on level 2 of the Dungeon.
You visited 1 branch of the dungeon, and saw 2 of its levels.

You collected 56 gold pieces.

Inventory:

Hand Weapons
 a - a +0 trident (weapon)
Missiles
 d - 3 throwing nets (quivered)
 e - a javelin
Armour
 b - a +0 leather armour (worn)
 c - a +0 helmet
Jewellery
 f - a +6 ring of dexterity
Scrolls
 g - 2 scrolls of teleportation {unknown}
 h - 4 scrolls of identify {unknown}
 k - a scroll of fear {unknown}
 l - a scroll of acquirement {unknown}
Potions
 i - a potion of resistance {unknown}
 j - a potion of haste {unknown}


   Skills:
 + Level 2.4 Fighting
 + Level 3.0 Polearms
 + Level 2.2 Throwing
 + Level 3.0 Dodging


You had 2 spell levels left.
You didn't know any spells.
Your spell library was empty.

Dungeon Overview and Level Annotations

Branches:
Dungeon (2/15)

Altars:

Shops:
D:1 :


Innate Abilities, Weirdness & Mutations

You have a pair of small antennae on your head.
You are partially covered in razor-sharp scales. (AC +1, Slay +1)


Message History

The gnoll shouts!
You hit the ball python but do no damage.
You hear a shout!
The ball python closely misses you. The ball python grabs you.
The ball python constricts you.
You hit the ball python.
You kill the ball python!
A gnoll comes into view.
It is wielding a +2 flail of protection.
You reach to attack!
You hit the gnoll.
The gnoll is moderately wounded.
The gnoll hits you from afar with a +1 spear of freezing.
The gnoll freezes you.
A gnoll comes into view. It is wielding a +0 spear.
You reach to attack!
The gnoll shouts!
You puncture the gnoll!
The gnoll is almost dead.
The gnoll hits you from afar with a +1 spear of freezing.
The gnoll freezes you.
You are too injured to fight recklessly!
You are too injured to fight recklessly!
You are too injured to fight recklessly!
You are too injured to fight recklessly!
The gnoll barely misses you.
Reach: a) +0 trident
Press: ? - help, Dir - move target, f/p - gnoll
Aim: a gnoll, wielding a +1 spear of freezing (almost dead, about 36% to evade your +0 trident)
You reach to attack!
You closely miss the gnoll.
The gnoll is almost dead.
The gnoll hits you from afar with a +1 spear of freezing.
* * * LOW HITPOINT WARNING * * *
The gnoll freezes you.
* * * LOW HITPOINT WARNING * * *
Reach: a) +0 trident
Press: ? - help, Dir - move target, f/p - gnoll
Aim: a gnoll, wielding a +1 spear of freezing (almost dead, about 36% to evade your +0 trident)
You reach to attack!
You closely miss the gnoll.
The gnoll is almost dead.
The gnoll hits you from afar with a +1 spear of freezing.
You die...

######....#######.
.................#
######.....#.###.. .
#.....#..####
..####+######.....#......
.............####.#.....#
..g.g........# #........
......g......# ###.#####
......g.@....# #.##<#.
.............######.##.##
..[..(...................
######.##################
... #### .... #... .....
#.## ..... #.## #...


You could see 4 gnolls.

Vanquished Creatures
  4 dart slugs
  3 endoplasms (D:1)
  A goblin (D:1)
  3 hobgoblins
  A jackal (D:2)
  A quokka (D:2)
  3 ball pythons
  3 bats
  2 frilled lizards (D:1)
  A kobold (D:1)
  2 rats (D:1)
24 creatures vanquished.

Notes
Turn   | Place    | Note
-------+----------+-------------------------------------------
     0 | D:1      | javelincjr the Demonspawn Gladiator began the quest for the
                  | Orb.
     0 | D:1      | Reached XP level 1. HP: 16/16 MP: 1/1
   116 | D:1      | Gained mutation: You are partially covered in razor-sharp
                  | scales. (AC +1, Slay +1) [demonic ancestry]
   116 | D:1      | Reached XP level 2. HP: 21/22 MP: 2/2
   188 | D:1      | Found Nuot's Book Shoppe.
   621 | D:2      | Gained mutation: You have a pair of small antennae on your
                  | head. [demonic ancestry]
   621 | D:2      | Reached XP level 3. HP: 28/28 MP: 3/3
   812 | D:2      | HP: 1/28 [gnoll/+1 spear of freezing (3)]
   813 | D:2      | Slain by a gnoll

Illustrated notes

Levels and vault maps discovered:
D:1:      tarquinn_simple_flora_water_a, layout_basic, serial_shops,
          nicolae_book_shop_shelving, minmay_misc_feat_iff
D:2:      layout_basic, st_stairs_13

Skill      XL: |  1  2 |
---------------+-------+-----
Throwing       | 2 |  2.2
Polearms       | 3 |  3.0
Dodging        | 3 |  3.0
Fighting       | |  2.4

Action                     || total
---------------------------++-------
  Melee: Trident           ||    67
         Punch             ||     1
 Armour: Leather armour    ||    19
  Dodge: Dodged            ||    19

Table legend: (Time is in decaauts)
 A = Elapsed time spent in this place.
 B = Non-inter-level travel time spent in this place.
 C = Inter-level travel time spent in this place.
 D = Time resting spent in this place.
 E = Time spent auto-exploring this place.
 F = Levels seen in this place.
 G = Mean time per level.
                   A        B        C        D        E       F      G
               +--------+--------+--------+--------+--------+-----+--------+
         Total |    823 |    804 |     19 |      0 |    642 |   2 |  411.5 |
       Dungeon |    823 |    804 |     19 |      0 |    642 |   2 |  411.5 |
               +--------+--------+--------+--------+--------+-----+--------+

Top non-repeatable levels by time:
     D:1: 599 daAuts
     D:2: 223 daAuts
